 Dungeon Crawl Stone Soup version 0.19.0-19-g8c6edcc (console) character file.

69 2d6 the Caller (level 4, -2/36 HPs)
             Began as a Draconian Summoner on Nov 13, 2016.
             Slain by an orc
             ... wielding a +0 war axe
              (10 damage)
             ... on level 3 of the Dungeon.
             The game lasted 00:08:40 (2171 turns).

2d6 the Caller (Draconian Summoner)                 Turns: 2171, Time: 00:08:41

Health: -2/36      AC:  6    Str: 10    XL:     4   Next: 2%
Magic:  5/7        EV: 12    Int: 16    God:
Gold:   136        SH:  0    Dex: 12    Spells: 2 memorised, 4 levels left

rFire  + . .     SeeInvis .     i - +0 spear
rCold  x . .     Gourm    .     (armour unavailable)
rNeg   . . .     Faith    .     (no shield)
rPois  .         Spirit   .     (helmet restricted)
rElec  .         Reflect  .     n - +0 cloak
rCorr  .         Harm     .     (no gloves)
MR     .....                    (no boots)
Stlth  ++........               (no amulet)
                                (no ring)
                                o - ring of fire

@: no status effects
A: unfitting armour, cold-blooded, AC +5
a: no special abilities


You were on level 3 of the Dungeon.
You were not hungry.

You visited 1 branch of the dungeon, and saw 3 of its levels.

You collected 136 gold pieces.

Inventory:

Hand Weapons
 i - a +0 spear (weapon)
Missiles
 d - 45 stones (quivered)
Armour
 n - a +0 cloak (worn)
Jewellery
 o - a ring of fire (left hand)
Scrolls
 h - a scroll of immolation {unknown}
 j - a scroll of enchant armour {unknown}
 p - a scroll of teleportation {unknown}
 q - a scroll of fog {unknown}
 s - 3 scrolls of remove curse {unknown}
 t - a scroll of identify {unknown}
 u - a scroll of enchant weapon {unknown}
Potions
 e - a potion of magic {unknown}
 f - 3 potions of curing {unknown}
 g - 2 potions of flight {unknown}
 k - a potion of ambrosia {unknown}
 l - a potion of cancellation {unknown}
Books
 a - a book of Callings

   Spells                             Type                      Level
   a - Summon Small Mammal            Summoning                    1
   b - Call Imp                       Summoning                    2
   c - Call Canine Familiar           Summoning                    3
   d - Summon Guardian Golem          Hexes/Summoning              3
   e - Summon Lightning Spire         Summoning/Air                4
   f - Summon Ice Beast               Ice/Summoning                4
Comestibles
 b - 2 bread rations
 c - a beef jerky
 m - a meat ration


   Skills:
 + Level 2.0 Fighting
 + Level 2.4 Dodging
 - Level 1.7 Stealth
 + Level 2.4 Spellcasting
 + Level 4.4 Summonings


You had 4 spell levels left.
You knew the following spells:

 Your Spells              Type           Power        Failure   Level  Hunger
a - Summon Small Mammal   Summ           ###.         3%          1    #......
b - Call Imp              Summ           ###.....     6%          2    ###....


Dungeon Overview and Level Annotations

Branches:
Dungeon (3/15)

Altars:
Dithmenos


Innate Abilities, Weirdness & Mutations

Your plain brown scales are hard. (AC +5)
You cannot fit into any form of body armour.
You are cold-blooded and may be slowed by cold attacks.


Message History

The orc wizard casts a spell.
The orc wizard flickers and vanishes!
Deactivating autopickup; reactivate with Ctrl-A.
You closely miss something.
Your tail-slap misses something.
Something hits you but does no damage. The orc misses you.
You miss something.
You hear some strange, mumbled words.
A magic dart appears from out of thin air!
The magic dart hits you! The orc misses you.
You miss something. Something barely misses you. The orc barely misses you.
You miss something. Something hits you. The orc hits you with a war axe.
You hit something. Something hits you but does no damage.
The orc hits you with a war axe.
* * * LOW HITPOINT WARNING * * *
You're too confused to move!
Something hits you.
* * * LOW HITPOINT WARNING * * *
You bump into the rock wall.
You feel less confused. The orc hits you with a war axe!
You die...

..# ... #.# #†# #)# .
#.#############..
#.........##...
#.o.......##.#####
#@...)............
#.........##.#.... ..
#............+....
#.##.........##.#....
##..#.##########.#5...
.....# ###........)..
#####...###.............
#........##.#...<.......
#......>................


You could see an orc.

Vanquished Creatures
  An adder (D:2)
  A shadow imp (D:3)
  2 dart slugs
  2 leopard geckos
  An orc (D:3)
  A ball python (D:2)
  A giant cockroach (D:1)
  A hobgoblin (D:1)
  4 bats
  3 frilled lizards
  3 goblins
  2 kobolds (D:1)
  3 rats
25 creatures vanquished.

Vanquished Creatures (collateral kills)
  An adder (D:2)
  A worm (D:2)
  2 dart slugs (D:1)
  2 orcs (D:3)
  A giant cockroach (D:1)
  4 goblins
  A hobgoblin (D:1)
  A quokka (D:2)
  A frilled lizard (D:2)
  3 kobolds (D:1)
17 creatures vanquished.

Grand Total: 42 creatures vanquished

Notes
Turn   | Place    | Note
-------+----------+-------------------------------------------
     0 | D:1      | 2d6 the Draconian Summoner began the quest for the Orb.
     0 | D:1      | Reached XP level 1. HP: 14/14 MP: 3/3
   407 | D:1      | Reached skill level 1 in Fighting
   412 | D:1      | Reached XP level 2. HP: 13/23 MP: 0/5
  1389 | D:2      | Reached XP level 3. HP: 28/28 MP: 6/6
  1393 | D:2      | Learned a level 2 spell: Call Imp
  2045 | D:3      | Found a shadowy altar of Dithmenos.
  2149 | D:3      | Reached XP level 4. HP: 36/36 MP: 3/7
  2171 | D:3      | Slain by an orc

Skill      XL: |  1  2  3 |
---------------+----------+-----
Fighting       | 1 2 |  2.0
Dodging        | 2 |  2.4
Stealth        | |  1.7
Spellcasting   | |  2.4
Summonings     | |  4.4

Action                   |  1- 3 |  4- 6 || total
-------------------------+-------+-------++-------
Melee: Unarmed           |    22 |       ||    22
       Tailslap          |     5 |       ||     5
       Spear             |   111 |    14 ||   125
Throw: Stone             |     4 |       ||     4
 Cast: Summon Small Mamm |    23 |       ||    23
       Call Imp          |     4 |       ||     4
 Stab: Sleeping          |     5 |       ||     5
  Eat: Chunk             |     5 |       ||     5
Armor: Skin              |    30 |     4 ||    34
Dodge: Dodged            |    72 |     7 ||    79
